 Dungeon Crawl Stone Soup version 0.30-b1-2-g02819fbbbe (webtiles) character file.

Game seed: 6412166665584238528

102 suse60 the Sneak (level 4, 0/31 (33) HPs)
             Began as an Octopode Delver on June 13, 2023.
             Slain by a hell rat (5 damage)
             ... in a sewer.
             The game lasted 00:07:33 (345 turns).

suse60 the Sneak (Octopode Delver)                   Turns: 345, Time: 00:07:35

HP:   0/31 (33)     AC:  1    Str: 13    XL:     4   Next: 78%
MP:   4/4           EV: 13    Int: 12    God:
Gold: 15            SH:  0    Dex: 13    Spells: 3/3 levels left

rFire   . . .        g - +1 shortbow (drain)
rCold   . . .        (shield currently unavailable)
rNeg    . . .        (helmet restricted)
rPois   .            (no amulet)
rElec   .            (no ring)
rCorr   .            (no ring)
SInv    .            (no ring)
Will    .....        (no ring)
Stlth   +++++        (no ring)
HPRegen 0.25/turn    (no ring)
MPRegen 0.09/turn    (no ring)
                     (no ring)

%: no passive effects
@: hasted, drained, very quick
A: almost no armour, amphibious, 8 rings, camouflage 1, gelatinous body 1,
nimble swimmer 1, tentacles
a: no special abilities


You were in a sewer.
You visited 1 branch of the dungeon, and saw 2 of its levels.
You also visited: Sewer.

You collected 15 gold pieces.

Inventory:

Hand Weapons
 a - a +0 short sword
 g - a +1 shortbow of draining (weapon)
Wands
 f - a wand of digging (3)
Scrolls
 b - a scroll of fog
Potions
 c - a potion of invisibility {unknown}


   Skills:
 + Level 3.7 Fighting
 - Level 2.1 Short Blades
 + Level 1.7 Ranged Weapons
 + Level 2.9 Dodging
 + Level 7.3 Stealth


You had 3 spell levels left.
You didn't know any spells.
Your spell library was empty.

Dungeon Overview and Level Annotations

Branches:
Dungeon (5/15)              Sewer (1/1)
 Temple: D:4-7

Altars:


Innate Abilities, Weirdness & Mutations

You cannot wear most types of armour.
You are amphibious.
You can wear up to eight rings at the same time.
Your skin changes colour to match your surroundings (Stealth+).
Your rubbery body absorbs attacks. (AC +1, EV +1)
You are camouflaged when in or above water. (Stealth+)
You have tentacles for arms and can constrict up to eight enemies at once.


Message History

Read: scroll of fear
Press: ? - help, Q - select action, (/) - cycle Dir - look around, f - activate Look: a hell rat (chance to affect: 97%)
As you read the scroll of fear, it crumbles to dust.
You assume a fearsome visage.
The hell rat looks frightened!
Fire: g) +1 shortbow (drain)
Press: ? - help, Q - select action Shift-Dir - straight line, f/p - hell rat
Aim: a hell rat (fleeing, 59% to hit)
You shoot an arrow. The arrow barely misses the hell rat.
Fire: g) +1 shortbow (drain)
Press: ? - help, Q - select action Shift-Dir - straight line, f/p - hell rat
Aim: a hell rat (fleeing, 59% to hit)
You shoot an arrow. The arrow hits the hell rat.
Your attack snaps the hell rat out of its fear.
The hell rat is lightly wounded.
Fire: g) +1 shortbow (drain)
Press: ? - help, Q - select action Shift-Dir - straight line, f/p - hell rat
Aim: a hell rat (lightly wounded, 59% to hit)
You shoot an arrow. The arrow closely misses the hell rat.
Fire: g) +1 shortbow (drain)
Press: ? - help, Q - select action Shift-Dir - straight line, f/p - hell rat
Aim: a hell rat (lightly wounded, 59% to hit)
You shoot an arrow.
The arrow hits the hell rat but does no damage.
The hell rat is lightly wounded.
The hell rat splashes around in the water.
You enter the shallow water.
Fire: g) +1 shortbow (drain)
Press: ? - help, Q - select action Shift-Dir - straight line, f/p - hell rat
Aim: a hell rat (lightly wounded, 59% to hit)
You shoot an arrow.
The arrow hits the hell rat but does no damage.
The hell rat is lightly wounded.
The hell rat splashes around in the water.
The hell rat barely misses you.
You feel yourself speed up. The hell rat bites you!
* * * LOW HITPOINT WARNING * * *
You feel drained.
You die...

##.~~~.~.##
#.~.###..~#
##~~##~##.~##
#~~~#~~.#~~~#
#†~##~~?##..#
#~~#.~~!!#.~#
#~~'~~~?∩#∩∩#
#.r#.~~?!#~~#
#@.##~~!##~.#
#~~.#~~~#~~.#
##.~##.##~.##
#.~~###~~~#
##~.~~†.~##
#~~.~~~.#
###.~.###
#####


You could see a hell rat.

Vanquished Creatures
  A howler monkey (D:4)
  An adder (D:4)
  4 river rats
  A worm (D:4)
  A dart slug (D:5)
  An endoplasm (D:4)
  A giant cockroach (D:4)
  2 jackals (D:4)
  A ball python (D:4)
  A goblin (D:4)
  7 rats
21 creatures vanquished.

Notes
Turn   | Place    | Note
-------+----------+-------------------------------------------
     0 | D:5      | suse60 the Octopode Delver began the quest for the Orb.
     0 | D:5      | Reached XP level 1. HP: 16/16 MP: 1/1
    28 | D:5      | Noticed an orc wizard
    48 | D:5      | Noticed an iguana
   128 | D:4      | Identified a scroll of acquirement
   128 | D:4      | Acquired a +1 shortbow of draining
   135 | D:4      | Noticed a howler monkey
   139 | D:4      | Killed a howler monkey
   140 | D:4      | Reached skill level 1 in Ranged Weapons
   140 | D:4      | Reached skill level 7 in Stealth
   140 | D:4      | Reached XP level 2. HP: 21/21 MP: 2/2
   140 | D:4      | Reached XP level 3. HP: 26/26 MP: 3/3
   176 | D:4      | Reached XP level 4. HP: 31/31 MP: 4/4
   192 | D:4      | Found a glowing drain.
   259 | Sewer    | Entered a sewer
   345 | Sewer    | Slain by a hell rat

Illustrated notes

Levels and vault maps discovered:
D:4:      layout_loops_corners, portal_sewer_entry_e, uniq_edmund
D:5:      layout_rooms, grunt_decor_clamped, uniq_pikel
Sewer:    sewer_hellmonk_bad_rat

Skill      XL: |  1 |
---------------+----+-----
Ranged Weapons | 1 |  1.7
Stealth        | 7 |  7.3
Fighting       | |  3.7
Short Blades   | |  2.1
Dodging        | |  2.9

Action                     |  1- 3 |  4- 6 || total
---------------------------+-------+-------++-------
  Melee: Short sword       |     5 |       ||     5
         Constrict         |     2 |       ||     2
   Fire: Shortbow          |    17 |    35 ||    52
    Use: Scroll            |     3 |     1 ||     4
         Potion            |       |     3 ||     3
   Stab: Sleeping          |     1 |       ||     1
 Armour: Skin              |     1 |     1 ||     2
  Dodge: Dodged            |     7 |    15 ||    22
